 Dungeon Crawl Stone Soup version 0.24.0 (webtiles) character file.

Game seed: 12447655637682220904, levelgen mode: deterministic

130 Voidfull the Shield-Bearer (level 5, -4/46 HPs)
             Began as a Hill Orc Fighter on Oct 25, 2019.
             Was a Follower of Nemelex Xobeh.
             Slain by an ice beast (11 damage)
             ... on level 4 of the Dungeon.
             The game lasted 00:16:57 (1494 turns).

Voidfull the Shield-Bearer (Hill Orc Fighter)       Turns: 1494, Time: 00:16:58

Health: -4/46      AC:  7    Str: 20    XL:     5   Next: 13%
Magic:  5/5        EV:  7    Int:  8    God:    Nemelex Xobeh [*.....]
Gold:   93         SH:  9    Dex: 10    Spells: 4/4 levels left

rFire    . . .     SeeInvis .   a - +0 war axe
rCold    . . .     Gourm    .   c - +0 shield
rNeg     . . .     Faith    .   b - +0 scale mail
rPois    .         Spirit   .   (no helmet)
rElec    .         Reflect  .   (no cloak)
rCorr    .         Harm     .   (no gloves)
MR       .....                  (no boots)
Stlth    ..........             (no amulet)
HPRegen  0.15/turn              (no ring)
MPRegen  0.09/turn              (no ring)

@: no status effects
A: no striking features
a: Draw Escape, Draw Destruction, Draw Summoning, Renounce Religion


You were on level 4 of the Dungeon.
You worshipped Nemelex Xobeh.
Nemelex Xobeh was aware of your devotion.
You were not hungry.

You visited 1 branch of the dungeon, and saw 4 of its levels.

You collected 93 gold pieces.

Inventory:

Hand Weapons
 a - a +0 war axe (weapon)
Missiles
 e - 25 sling bullets
 i - 36 stones (quivered)
Armour
 b - a +0 scale mail (worn)
 c - a +0 shield (worn)
 g - a +0 chain mail
Jewellery
 q - an uncursed ring of positive energy {unknown}
Scrolls
 h - a scroll of magic mapping {unknown}
 k - a scroll of identify {unknown}
 n - a scroll of fear {unknown}
 p - a scroll of teleportation {unknown}
 r - 3 scrolls of immolation {unknown}
Potions
 d - a potion of might
 f - 2 potions of lignification {unknown}
 j - 2 potions of heal wounds {unknown}
 l - 3 potions of ambrosia {unknown}
 m - a potion of mutation {unknown}
 o - a potion of curing {unknown}


   Skills:
 + Level 4.2 Fighting
 + Level 4.0 Axes
 + Level 4.2 Armour
 + Level 0.4 Dodging
 + Level 0.2 Stealth
 + Level 4.3 Shields


You had 4 spell levels left.
You didn't know any spells.
Your spell library was empty.

Dungeon Overview and Level Annotations

Branches:
Dungeon (4/15)
 Temple: D:4-7

Altars:
Gozag
Kikubaaqudgha
Nemelex Xobeh

Shops:
D:2 *


Message History

You hit the ice beast.
The ice beast is lightly wounded.
The ice beast hits you but does no damage.
The ice beast hits you. The ice beast freezes you!
You hit the ice beast but do no damage.
The ice beast is lightly wounded.
You block the ice beast's attack.
You hit the ice beast but do no damage.
The ice beast is lightly wounded.
The ice beast hits you. The ice beast freezes you!
* * * LOW HITPOINT WARNING * * *
You slash the ice beast!
The ice beast is heavily wounded.
The ice beast hits you but does no damage. x2
You draw a card...
You have drawn Velocity.
Nothing appears to happen.
The ice beast hits you.
* * * LOW HITPOINT WARNING * * *
The ice beast freezes you!
You die...
Your body disappears without a glow.

#####..# #..#
# #..# #.#..#
###.#..#######
#............#
###.#..#######
#.#.Y# # #.@#
#.........#
#.#..######
#.#... # ....
##.#.# #. .#
## .#


You could see an ice beast.

Vanquished Creatures
  An orc priest (D:3)
  An iron imp (D:3)
  Robin (D:3)
  2 adders (D:2)
  A worm (D:2)
  An orc (D:3)
  A ball python (D:3)
  2 giant cockroaches (D:1)
  14 goblins
  12 hobgoblins
  3 kobolds
  A quokka (D:3)
  2 bats
  4 frilled lizards
  3 rats (D:1)
49 creatures vanquished.

Vanquished Creatures (collateral kills)
  An orc (D:3)
1 creature vanquished.

Grand Total: 50 creatures vanquished

Notes
Turn   | Place    | Note
-------+----------+-------------------------------------------
     0 | D:1      | Voidfull the Hill Orc Fighter began the quest for the Orb.
     0 | D:1      | Reached XP level 1. HP: 19/19 MP: 1/1
    89 | D:1      | Found a sparkling altar of Nemelex Xobeh.
    94 | D:1      | Became a worshipper of Nemelex Xobeh the Trickster
   202 | D:1      | Received a gift from Nemelex Xobeh
   207 | D:1      | Reached XP level 2. HP: 23/27 MP: 2/2
   593 | D:1      | Reached XP level 3. HP: 31/33 MP: 3/3
   652 | D:2      | Found Gozag's Platinum Reserve.
   698 | D:2      | Found an opulent altar of Gozag.
   994 | D:3      | Received a gift from Nemelex Xobeh
  1110 | D:3      | Noticed Grinder
  1116 | D:3      | Noticed Grinder
  1116 | D:3      | Grinder changed into Grinder the iron imp
  1118 | D:3      | Killed Grinder the iron imp
  1118 | D:3      | Reached XP level 4. HP: 40/40 MP: 4/4
  1211 | D:3      | Noticed Robin
  1230 | D:3      | Killed Robin
  1237 | D:3      | Reached XP level 5. HP: 44/46 MP: 5/5
  1360 | D:3      | Reached * piety under Nemelex Xobeh
  1462 | D:4      | Found an ancient bone altar of Kikubaaqudgha.
  1481 | D:4      | Noticed an ice beast
  1494 | D:4      | Slain by an ice beast

Levels and vault maps discovered:
D:1:      lightli_arrival_windingriver, layout_loops_ring,
          nemelex_diamond_rough_becter
D:2:      layout_basic, nemelex_xobeh_ov_fountains_minmay,
          nicolae_gozag_zags_fifth_avenue, lemuel_crystal_altar,
          chequers_ecumenical_altar_twisty, hangedman_feature_mirror,
          minmay_fractal_squares_gapless_5, uniq_sigmund
D:3:      layout_loops_corners, uniq_grinder, uniq_robin
D:4:      layout_basic, cheibriados_altar_1, kennysheep_mini,
          roderic_serpentine_path
